General information
- name: BNet
- type: Ladder 1vs1/FFA
- host: Battle.net
- saver: ROTS19
map: TerenasStand
- players: 2
- length: 26:44
- speed: Fast
- version: 1.26 W3XP
- replay type: Public
» download(77 KB)
Players
team 1 (loser)
LaGrenne (
teal | 44 APM | 1167 actions | 26:43)
6 Mountain King
2 Storm Bolt
3 Bash
1 Avatar
» actions
| Build / train | 72 | |
| Enter build submenu | 26 | |
| Enter hero's abilities submenu | 6 | |
| Give item / drop item | 2 | |
| Remove unit from queue | 1 | |
| Right click | 533 | |
| Select / deselect | 446 | |
| Use ability | 81 | |
1167 total
» units
| Peasant | 15 | |
| Footman | 3 | |
| Goblin Shredder | 1 | |
| Rifleman | 5 | |
| Mortar Team | 7 | |
| Priest | 4 | |
| Knight | 2 | |
| Sorceress | 2 | |
39 total
» upgrades
| Armor | 1 | |
| Plating | 2 | |
| Gunpowder | 1 | |
| Long Rifles | 1 | |
| Swords | 1 | |
6 total
» buildings
| Altar of Kings | 1 | |
| Lumber Mill | 1 | |
| Farm | 8 | |
| Barracks | 2 | |
| Blacksmith | 1 | |
| Scout Tower | 5 | |
| Keep | 1 | |
| Guard Tower | 2 | |
| Arcane Vault | 1 | |
| Workshop | 1 | |
| Arcane Sanctum | 2 | |
| Town Hall | 2 | |
| Castle | 1 | |
28 total
» build order
00:09 Altar of Kings
00:25 Lumber Mill
00:42 Farm
01:20 Farm
01:42 Barracks
02:14 Blacksmith
02:28 Barracks
02:33 Farm
03:54 Scout Tower
05:02 Keep
05:06 Guard Tower
06:24 Farm
06:32 Farm
07:07 Arcane Vault
07:14 Farm
08:03 Scout Tower
08:13 Workshop
08:17 Arcane Sanctum
10:15 Scout Tower
10:18 Scout Tower
10:21 Scout Tower
11:14 Guard Tower
12:12 Town Hall
13:11 Farm
14:23 Arcane Sanctum
14:27 Town Hall
17:51 Castle
18:07 Farm
» items
| Boots of Speed | 1 | |
| Scroll of Healing | 1 | |
| Scroll of Regeneration | 3 | |
| Potion of Healing | 6 | |
| Lesser Clarity Potion | 1 | |
| Scroll of Town Portal | 3 | |
15 total
team 2 (winner)

»
ROTS19 (
orange | 66 APM | 1776 actions | 26:44)
6 Mountain King
3 Storm Bolt
2 Bash
1 Avatar
3 Paladin
2 Holy Light
1 Divine Shield
3 Archmage
1 Summon Water Elemental
2 Brilliance Aura
» actions
| Assign group hotkey | 69 | |
| Basic commands | 96 | |
| Build / train | 86 | |
| ESC pressed | 2 | |
| Enter build submenu | 27 | |
| Enter hero's abilities submenu | 12 | |
| Give item / drop item | 2 | |
| Right click | 520 | |
| Select / deselect | 461 | |
| Select group hotkey | 368 | |
| Use ability | 133 | |
1776 total
» units
| Peasant | 10 | |
| Footman | 9 | |
| Forest Troll Shadow Priest | 1 | |
| Forest Troll Berserker | 1 | |
| Priest | 4 | |
| Spell Breaker | 5 | |
| Knight | 7 | |
| Gryphon Rider | 2 | |
39 total
» upgrades
| Masonry | 3 | |
| Magic Sentry | 1 | |
| Priest Training | 2 | |
| Animal War Training | 1 | |
| Swords | 3 | |
| Plating | 2 | |
| Storm Hammers | 1 | |
| Armor | 1 | |
14 total
» buildings
| Altar of Kings | 1 | |
| Barracks | 1 | |
| Farm | 8 | |
| Arcane Vault | 1 | |
| Keep | 1 | |
| Lumber Mill | 1 | |
| Arcane Sanctum | 3 | |
| Castle | 1 | |
| Blacksmith | 1 | |
| Town Hall | 2 | |
| Scout Tower | 5 | |
| Guard Tower | 4 | |
| Arcane Tower | 1 | |
| Gryphon Aviary | 1 | |
31 total
» build order
00:04 Altar of Kings
00:07 Barracks
00:11 Farm
01:01 Farm
02:15 Arcane Vault
02:40 Farm
02:50 Farm
04:55 Keep
05:10 Lumber Mill
05:17 Farm
09:05 Arcane Sanctum
10:12 Arcane Sanctum
10:43 Arcane Sanctum
12:25 Castle
12:46 Farm
14:34 Farm
14:36 Farm
14:49 Blacksmith
17:42 Town Hall
19:02 Scout Tower
19:13 Scout Tower
20:04 Guard Tower
20:05 Guard Tower
21:54 Town Hall
22:47 Scout Tower
23:00 Arcane Tower
23:02 Scout Tower
23:24 Gryphon Aviary
24:45 Guard Tower
24:46 Scout Tower
25:15 Guard Tower
» items
| Potion of Healing | 6 | |
| Scroll of Regeneration | 1 | |
| Scroll of Town Portal | 2 | |
| Potion of Mana | 1 | |
10 total
Chat log
(00:11 / All) LaGrenne: gl hf
(00:15 / All) ROTS19: Yeah
(00:55 / All) LaGrenne: lol
(01:39 / All) ROTS19: that never happens in RT :(
(01:58 / All) ROTS19: in rt they just let my farm sit in their base until their tech finishes :(
(02:19 / All) LaGrenne: too bad :(
(02:22 / All) ROTS19: does it say i'm lagging?
(03:31 / All) ROTS19: also, I don't like playing mirrors :(
(03:52 / All) ROTS19: It seems the other guy always does what i'm doing but way better
(04:41 / All) LaGrenne: as long as they dont f.u.c.k ure wife beter than u do ;)
(04:49 / All) ROTS19: lol
(06:57 / All) ROTS19: am i lagging?
(07:21 / All) ROTS19: or is that your drophack taking a while toa ctivate?
(09:09 / All) ROTS19: stop fuckin with my comp please
(10:34 / All) ROTS19: my keyboard keeps disconnecting
(10:37 / All) ROTS19: I can't paly like this
(10:43 / All) LaGrenne: hahahah sure
(10:47 / All) ROTS19: no it's true
(10:50 / All) LaGrenne: u know u lose thats different
(11:04 / All) ROTS19: H
(11:05 / All) ROTS19: a
(11:06 / All) ROTS19: ha
(11:06 / All) LaGrenne: iu got powned
(11:14 / All) ROTS19: Yeah
(11:20 / All) ROTS19: cuz it keeps lagging and i keep losing my keyboard
(11:31 / All) LaGrenne: bla bla bla
(11:44 / All) ROTS19: Whatevr
(13:54 / All) ROTS19: I can't control my guys
(13:55 / All) ROTS19: fuck this shit
(14:03 / All) ROTS19: oh now i can
(14:10 / All) LaGrenne: lol noob
(19:47 / All) LaGrenne: run forest run
(19:54 / All) ROTS19: Shut up clown
(19:59 / All) LaGrenne: hahahahaha
(20:01 / All) ROTS19: I HAET CLOWNS
(21:31 / All) LaGrenne: gj clown
(21:44 / All) ROTS19: Whos a n00d now huhh
(21:53 / All) LaGrenne: a nood? must be you lol
(23:02 / All) LaGrenne: gj noob
(23:07 / All) LaGrenne: but i got another one ;)
(23:12 / All) LaGrenne: hahaha
(23:52 / All) LaGrenne: run forest run
(26:40 / All) LaGrenne: gj noob!
(26:43 / All) ROTS19: gg